 Dungeon Crawl Stone Soup version 0.28-a0-1518-gbe868bca14 (webtiles) character file.

Game seed: 7722764401404335431

206642 dolemite99 the Deadly Accurate (level 18, -3/165 HPs)
             Began as a Troll Monk on Jan 16, 2022.
             Was the Champion of Hepliaklqana.
             Shot with a bolt by a yaktaur captain (8 damage)
             ... on level 1 of the Vaults.
             The game lasted 00:46:21 (36423 turns).

dolemite99 the Deadly Accurate (Troll Monk)        Turns: 36423, Time: 00:46:22

Health: -3/165     AC: 24    Str: 28    XL:     18   Next: 7%
Magic:  24/24      EV:  6    Int:  8    God:    Hepliaklqana [******]
Gold:   819        SH: 13    Dex: 18    Spells: 17/17 levels left

rFire   + + .      SeeInvis .     - Unarmed
rCold   + + .      Faith    .   Y - +2 kite shield
rNeg    . . .      Spirit   .   t - +4 gold dragon scales
rPois   +          Reflect  .   E - +2 hat
rElec   .          Harm     .   x - scarf {rC+ rF+}
rCorr   +          Rampage  .   (gloves unavailable)
Will    +....                   (boots unavailable)
Stlth   ..........              T - amulet of the acrobat
HPRegen 1.17/turn               I - ring of resist corrosion
MPRegen 0.19/turn               P - +6 ring of dexterity

@: studying Fire Magic
A: reduced essence, large, unfitting armour, claws 3, regeneration 1, shaggy fur
1, tough skin 1
}: 1/15 runes: decaying
a: Renounce Religion, Recall Ancestor, Ancestor Identity, Transference, Idealise


You were on level 1 of the Vaults.
You worshipped Hepliaklqana.
Hepliaklqana was exalted by your worship.
You visited 5 branches of the dungeon, and saw 28 of its levels.

You collected 2871 gold pieces.
You spent 2052 gold pieces at shops.

Inventory:

Hand Weapons
 a - a +0 longbow
 B - a +0 mace
 C - the +10 mace of the Madman {vorpal, Drain Dex+4}
   (You found it on level 7 of the Dungeon)

   It inflicts extra damage upon your enemies.
   Dex:       It affects your dexterity (+4).
   Drain:     It drains your maximum health when unequipped.
 M - the +2 morningstar of Generosity {chaos, Will+ rCorr SInv}
   (You found it on level 10 of the Dungeon)

   Each time it hits an enemy it has a different, random effect.
   SInv:      It lets you see invisible.
   rCorr:     It protects you from acid and corrosion.
   Will:      It increases your willpower.
Missiles
 i - a large rock (quivered)
 v - a throwing net
 w - 11 boomerangs
 y - 596 stones
 K - 23 poisoned darts
Armour
 j - a +0 kite shield
 t - +4 gold dragon scales (worn)
 x - a scarf of resistance (worn)
 E - a +2 hat (worn)
 Y - a +2 kite shield (worn)
Magical Staves
 d - a staff of poison
 k - a staff of earth
 q - a staff of conjuration
Jewellery
 I - a ring of resist corrosion (left claw)
 P - a +6 ring of dexterity (right claw)
 S - a ring of ice
 T - an amulet of the acrobat (around neck)
Wands
 f - a wand of iceblast (17)
 l - a wand of mindburst (25)
 m - a wand of digging (31)
 s - a wand of flame (41)
 u - a wand of polymorph (36)
 Q - a wand of paralysis (7)
Scrolls
 e - a scroll of amnesia
 h - 13 scrolls of teleportation
 n - a scroll of fog
 A - a scroll of enchant weapon
 G - a scroll of blinking
 J - 4 scrolls of vulnerability
 V - 8 scrolls of identify {@r1}
 W - a scroll of holy word
Potions
 b - 4 potions of brilliance
 g - 4 potions of attraction
 p - a potion of haste
 z - 2 potions of flight
 D - 3 potions of lignification
 H - 3 potions of ambrosia
 L - a potion of might
 O - 8 potions of curing
 R - 4 potions of mutation
 U - a potion of berserk rage
Miscellaneous
 c - a condenser vane (inert)
 X - a phial of floods


   Skills:
 + Level 12.6 Fighting
 - Level 15.4 Throwing
 - Level 9.1 Armour
 - Level 8.4 Dodging
 - Level 1.0 Stealth
 - Level 9.2 Shields
 - Level 13.4 Unarmed Combat
 - Level 9.5 Invocations
 - Level 4.4 Evocations


You had 17 spell levels left.
You didn't know any spells.
Your spell library contained the following spells:

 Spells                   Type           Power      Damage    Failure   Level
 Freeze                   Ice            0%         1d3       100%        1
 Blink                    Tloc           0%         N/A       100%        2
 Corpse Rot               Necr/Air       0%         N/A       100%        2
 Scorch                   Fire           0%         2d5       100%        2
 Frozen Ramparts          Ice            0%         1d2       100%        3
 Gell's Gravitas          Tloc           0%         N/A       100%        3
 Inner Flame              Hex/Fire       0%         N/A       100%        3
 Lesser Beckoning         Tloc           0%         N/A       100%        3
 Teleport Other           Tloc           0%         N/A       100%        3
 Tukima's Dance           Hex            0%         N/A       100%        3
 Anguish                  Hex/Necr       0%         N/A       100%        4
 Cause Fear               Hex            0%         N/A       100%        4
 Dispel Undead            Necr           0%         3d6       100%        4
 Flame Wave               Conj/Fire      0%         2d4       100%        4
 Hailstorm                Conj/Ice       0%         3d3       100%        4
 Summon Lightning Spire   Summ/Air       0%         N/A       100%        4
 Manifold Assault         Tloc           0%         N/A       100%        5
 Death Channel            Necr           0%         N/A       100%        6
 Dispersal                Tloc           0%         N/A       100%        6
 Summon Cactus Giant      Summ           0%         N/A       100%        6
 Enfeeble                 Hex            0%         N/A       100%        7
 Storm Form               Tmut/Air       0%         N/A       100%        7
 Discord                  Hex            0%         N/A       100%        8
 Maxwell's Capacitive Co  Air            0%         ∞         100%        8


Dungeon Overview and Level Annotations

Branches:
Dungeon (15/15)            Temple (0/1) D:4            Lair (6/6) D:11
  Swamp (4/4) Lair:2       Spider (0/4) Lair:2        Slime (0/5) Lair:5
    Orc (2/2) D:10            Elf (0/3) Orc:2        Vaults (1/5) D:14
 Depths (0/4) D:15

Altars:
Elyvilon
Hepliaklqana
Makhleb
Zin
Beogh
Jiyva

Shops:
D:4 [   D:5 :   D:7 *   Orc:1 *::[*   Orc:2 *(?:

Portals:
Hell: Lair:6

Annotations:
Lair:5 exclusion: 2 downstairs
Swamp:2 2 transporters, contendunt's ghost, adept MiFi


Innate Abilities, Weirdness & Mutations

Your life essence is reduced to manifest your ancestor. (-10% HP)
You are too large for most types of armour.
You have claws for hands.
Your natural rate of healing is unusually fast.
You are covered in fur. (AC +1)
You have tough skin. (AC +1)


Message History

You feel magically purged.
The sentinel's mark upon you fades away.
You block the ironbound convoker's attack.
The yaktaur hits you!
* * * LOW HITPOINT WARNING * * *
You block the yaktaur captain's attack.
You closely miss the ironbound convoker.
The ironbound convoker is moderately wounded.
The yaktaur hits you but does no damage.
The ironbound convoker hits you with a +0 dire flail.
* * * LOW HITPOINT WARNING * * *
You block the yaktaur captain's attack.
You mangle the yaktaur!!
The yaktaur is heavily wounded.
The yaktaur hits you!
* * * LOW HITPOINT WARNING * * *
The ironbound convoker hits you with a +0 dire flail!
* * * LOW HITPOINT WARNING * * *
The yaktaur captain hits you but does no damage.
You barely miss the yaktaur captain.
The ironbound convoker hits you but does no damage.
You block the yaktaur's attack. The yaktaur captain hits you!
* * * LOW HITPOINT WARNING * * *
You claw the yaktaur!
The yaktaur is almost dead.
You block the yaktaur's attack.
The ironbound convoker begins to recite a word of recall!
You block the yaktaur captain's attack.
The yaktaur hits you but does no damage.
The yaktaur captain wields a +0 arbalest.
The yaktaur captain shoots a bolt.
The bolt completely misses you.
You hear a shout!
You mangle the ironbound convoker!!
The ironbound convoker is almost dead.
You hear a shout!
The yaktaur completely misses you.
You claw the ironbound convoker!
You kill the ironbound convoker!
The yaktaur captain shoots a bolt.
The bolt hits you!
You die...

.......÷# ....[...#
........# ........#
#######'#
........######+####
###.###.'.#.......#
#
#≈#.#p#.#......))c#
#p
###.###.'.#....†@.#
........#######(.)c#
######### #(..## #.
#(..# #. #(..# ##(##
... '##


You could see a yaktaur captain and a yaktaur.

Vanquished Creatures
  An azure jelly (Swamp:4)
  A thorn hunter (Swamp:3)
  A fire giant (D:14)
  2 vault wardens (Vaults:1)
  An orc warlord (Orc:1)
  6 very ugly things
  An ironbound thunderhulk (Vaults:1)
  A dire elephant (Lair:6)
  An eleionoma (Swamp:4)
  A bunyip (Swamp:2)
  An ettin (D:15)
  A fire dragon (D:15)
  2 yaktaur captains
  Josephine (D:10)
  Harold (D:10)
  15 hydras
  3 boulder beetles
  Erolcha (D:11)
  2 ice dragons (Swamp:4)
  A ghost crab (Swamp:2)
  2 death knights
  An ogre mage (D:14)
  Erica (D:9)
  11 centaur warriors
  2 ironbound frosthearts (Vaults:1)
  2 alligators
  4 two-headed ogres
  A tengu warrior (D:13)
  Urug (D:10)
  7 death yaks
  Sonja (D:10)
  5 skeletal warriors
  Nergalle (Lair:1)
  A sun demon (Lair:6)
  2 goliath frogs
  A deep troll (D:15)
  A spriggan druid (Swamp:1)
  3 bog bodies
  A wizard (Lair:6)
  2 swamp dragons
  4 lindwurms (Vaults:1)
  3 ironbound convokers
  2 deep elf pyromancers
  A necromancer (D:15)
  5 orc sorcerers
  17 ugly things
  7 will-o-the-wisps
  2 cyclopes (D:13)
  12 elephants
  A salamander (shapeshifter) (D:14)
  A manticore (D:14)
  3 black mambas
  Maurice (D:13)
  3 vault sentinels (Vaults:1)
  A cane toad (shapeshifter) (D:14)
  A smoke demon (Lair:6)
  3 cane toads
  2 orange demons (Lair:6)
  2 rime drakes (Lair:5)
  A gargoyle (D:12)
  An unseen horror (D:10)
  3 kobold demonologists
  7 yaktaurs
  2 efreet
  5 komodo dragons
  A tengu conjurer (D:13)
  5 freezing wraiths
  5 trolls
  7 tyrant leeches
  6 hornets
  3 polar bears
  A tarantella (shapeshifter) (D:14)
  A wolf spider simulacrum (D:15)
  19 blink frogs
  7 slime creatures
  6 dream sheep
  4 spriggans
  A vampire (D:10)
  3 wraiths (D:10)
  A human (D:14)
  32 yaks
  A steam dragon (D:8)
  3 basilisks
  A swamp worm simulacrum (Swamp:4)
  2 redbacks (D:12)
  A vampire mosquito (D:13)
  Menkaure (D:4)
  An acid dragon (D:7)
  2 hell hounds (Lair:6)
  11 water moccasins
  11 hydra simulacra (Swamp:4)
  12 swamp worms
  14 orc warriors
  Duvessa (D:7)
  2 ice beasts
  3 sky beasts
  6 ogres
  2 black bears
  A necrophage (D:7)
  A boggart (D:14)
  8 wolves
  6 centaurs
  2 lemures (D:8)
  3 phantoms
  4 kobold brigands
  5 scorpions
  8 bullfrogs
  A wyvern zombie (D:7)
  A wyvern skeleton (D:6)
  Dowan (D:7)
  4 killer bees
  5 wights
  2 electric eels
  2 howler monkeys
  A jelly (D:7)
  A bullfrog zombie (D:7)
  2 hounds
  21 orc priests
  2 centaur zombies
  2 centaur skeletons
  Terence (D:2)
  An iguana (D:4)
  25 orc wizards
  A howler monkey zombie (D:5)
  3 gnolls
  5 adders
  A white imp (D:5)
  2 ufetubi (D:6)
  2 swamp drake simulacra (Swamp:4)
  An adder skeleton (D:4)
  3 worms
  5 dart slugs
  56 orcs
  5 ball pythons
  6 endoplasms
  3 giant cockroaches
  4 goblins
  8 hobgoblins
  3 jackals (D:1)
  4 bats
  13 kobolds
  6 rats
601 creatures vanquished.

Vanquished Creatures (collateral kills)
  Kirke (Swamp:4)
  An ironbound preserver (Vaults:1)
  An eleionoma (Swamp:2)
  A boulder beetle (D:12)
  An ice dragon (Swamp:4)
  7 hydras
  A rakshasa (D:13)
  A ghost crab (Swamp:3)
  5 centaur warriors
  An ironbound frostheart (Vaults:1)
  An ogre mage (D:15)
  2 death knights (D:11)
  4 alligators
  A tengu warrior (D:15)
  2 two-headed ogres
  5 death yaks
  An orc high priest (Orc:2)
  A spriggan druid (Swamp:2)
  3 skeletal warriors
  A goliath frog (Swamp:2)
  3 swamp dragons
  3 bog bodies
  A lindwurm (Vaults:1)
  A harpy (shapeshifter) (D:15)
  A wizard (D:15)
  2 orc knights
  Pikel (D:8)
  14 ugly things
  2 cyclopes
  3 will-o-the-wisps
  4 manticores
  An elephant (Lair:3)
  Joseph (D:7)
  2 black mambas (Lair:6)
  A centaur zombie (D:10)
  A vault sentinel (Vaults:1)
  2 orange demons (Lair:6)
  3 cane toads
  A kobold demonologist (D:11)
  A komodo dragon (Lair:6)
  2 yaktaurs
  2 ice devils (Lair:6)
  A troll (D:13)
  A polar bear (Lair:6)
  5 tyrant leeches
  2 hornets
  5 slime creatures
  6 dream sheep
  7 blink frogs
  2 shadows
  Sigmund (D:6)
  A centaur simulacrum (D:14)
  21 yaks
  2 wyverns
  A wraith (D:10)
  2 basilisks
  15 humans (D:14)
  2 vampire mosquitoes
  2 swamp worm simulacra (Swamp:4)
  4 hogs (Swamp:4)
  5 redbacks (D:12)
  A warg (Orc:1)
  10 swamp worms
  An acid dragon (D:9)
  8 water moccasins
  2 hell hounds (Lair:6)
  2 hydra simulacra (Swamp:4)
  A black bear (D:5)
  13 orc warriors
  4 wolves (Lair:6)
  7 centaurs
  7 ogres
  A kobold brigand (D:12)
  4 bullfrogs
  4 killer bees
  4 wights
  9 orc priests
  A hound (D:4)
  2 jellies
  Crazy Yiuf (D:7)
  A bullfrog skeleton (D:5)
  A gnoll shaman (D:9)
  An iguana (D:4)
  15 orc wizards
  A howler monkey zombie (D:9)
  3 gnolls
  2 adders
  A white imp (D:6)
  3 swamp drake simulacra (Swamp:4)
  A dart slug (D:4)
  20 orcs
  A bat (D:3)
  An endoplasm (D:4)
  A goblin (D:3)
  3 kobolds
  A quokka (D:3)
  A ball python (D:3)
  A rat (D:2)
318 creatures vanquished.

Vanquished Creatures (others)
  A goliath frog (Swamp:4)
  A spriggan (Swamp:4)
  A wight (D:6)
  20 knights
  6 bushes (Lair:6)
  48 foxfires
  42 fungi
  54 plants
173 creatures vanquished.

Grand Total: 1092 creatures vanquished

Notes
Turn   | Place    | Note
-------+----------+-------------------------------------------
     0 | D:1      | dolemite99 the Troll Monk began the quest for the Orb.
     0 | D:1      | Reached XP level 1. HP: 22/22 MP: 0/0
    69 | D:1      | Reached XP level 2. HP: 29/29 MP: 1/1
   694 | D:2      | Reached XP level 3. HP: 36/36 MP: 2/2
   806 | D:2      | Found a faded altar of an unknown god.
   813 | D:2      | Prayed at the altar of an unknown god.
   813 | D:2      | Became a worshipper of Hepliaklqana the Forgotten
   813 | D:2      | Reached * piety under Hepliaklqana
   813 | D:2      | Reached ** piety under Hepliaklqana
   815 | D:2      | Remembered your ancestor Ankherfenedjef as a knight
   886 | D:2      | Noticed Terence
   890 | D:2      | Killed Terence
  1067 | D:2      | Reached *** piety under Hepliaklqana
  1287 | D:3      | Reached skill level 5 in Unarmed Combat
  1287 | D:3      | Reached XP level 4. HP: 39/39 MP: 3/3
  1456 | D:3      | Noticed a scorpion
  1464 | D:3      | Killed a scorpion
  1465 | D:3      | Reached XP level 5. HP: 45/45 MP: 4/4
  1652 | D:4      | Noticed a phantom
  1655 | D:4      | Found Erphuicizy's Antique Armour Emporium.
  1658 | D:4      | Killed a phantom
  1659 | D:4      | Reached XP level 6. HP: 33/53 MP: 5/5
  1761 | D:4      | Found a staircase to the Ecumenical Temple.
  1864 | D:4      | Reached XP level 7. HP: 58/59 MP: 6/6
  2542 | D:4      | Noticed Menkaure
  2556 | D:4      | Killed Menkaure
  2757 | D:4      | Reached **** piety under Hepliaklqana
  2972 | D:5      | Entered Level 5 of the Dungeon
  2975 | D:5      | Noticed a hornet
  2983 | D:5      | Killed a hornet
  2984 | D:5      | Reached skill level 10 in Unarmed Combat
  2984 | D:5      | Reached XP level 8. HP: 66/66 MP: 7/7
  3094 | D:5      | Found Isivvyb's Self-Improvement Boutique.
  3359 | D:5      | Noticed a hornet
  3368 | D:5      | Killed a hornet
  3846 | D:5      | Found a white marble altar of Elyvilon.
  4767 | D:6      | Reached XP level 9. HP: 74/74 MP: 8/8
  4978 | D:6      | Reached skill level 5 in Fighting
  5011 | D:6      | Killed Sigmund
  5570 | D:7      | Noticed Joseph
  5570 | D:7      | Found Dintyniy's Lightly-Used Armoury.
  5588 | D:7      | Killed Joseph
  5888 | D:7      | Reached XP level 10. HP: 93/93 MP: 9/9
  5899 | D:7      | Noticed Duvessa
  5899 | D:7      | Noticed Dowan
  5911 | D:7      | Killed Duvessa
  5916 | D:7      | HP: 2/93 [Dowan/stone arrow (17)]
  5934 | D:7      | Killed Dowan
  5965 | D:7      | Noticed a deep elf pyromancer
  5976 | D:7      | Killed a deep elf pyromancer
  6533 | D:7      | Found a runed translucent door.
  6534 | D:7      | Noticed Crazy Yiuf
  6544 | D:7      | Killed Crazy Yiuf
  6562 | D:7      | Identified the +10 mace of the Madman {vorpal, Drain Dex+4}
  7681 | D:8      | Noticed Pikel
  7689 | D:8      | Killed Pikel
  7838 | D:8      | Reached skill level 1 in Throwing
  7998 | D:8      | Reached ***** piety under Hepliaklqana
  8268 | D:9      | Reached skill level 2 in Throwing
  8410 | D:9      | Reached skill level 3 in Throwing
  8592 | D:9      | Noticed Erica
  8599 | D:9      | Killed Erica
  8600 | D:9      | Reached skill level 5 in Throwing
  8958 | D:9      | Reached XP level 11. HP: 103/103 MP: 10/10
  9248 | D:10     | Entered Level 10 of the Dungeon
  9248 | D:10     | Found a staircase to the Orcish Mines.
  9255 | D:10     | Noticed Sonja
  9260 | D:10     | Killed Sonja
  9261 | D:10     | Reached skill level 6 in Throwing
  9293 | D:10     | Noticed Harold
  9302 | D:10     | Killed Harold
  9470 | D:10     | Reached skill level 7 in Throwing
  9483 | D:10     | Noticed Urug
  9498 | D:10     | Killed Urug
 10026 | D:10     | Identified the +2 morningstar of Generosity {chaos, Will+
                  | rCorr SInv}
 10063 | D:10     | Reached skill level 8 in Throwing
 10288 | D:10     | Noticed a two-headed ogre
 10294 | D:10     | Killed a two-headed ogre
 10331 | D:10     | Noticed Josephine
 10338 | D:10     | Killed Josephine
 10339 | D:10     | Reached skill level 9 in Throwing
 10627 | D:11     | Noticed Erolcha
 10636 | D:11     | Killed Erolcha
 10637 | D:11     | Reached skill level 10 in Throwing
 11044 | D:11     | Noticed a death knight
 11044 | D:11     | Noticed a death knight
 11536 | D:11     | Reached XP level 12. HP: 111/111 MP: 11/11
 11554 | D:11     | Killed a death knight
 11620 | D:11     | Killed a death knight
 11655 | D:11     | Noticed a death knight
 11667 | D:11     | Killed a death knight
 11983 | D:11     | Noticed a two-headed ogre
 11988 | D:11     | Killed a two-headed ogre
 11989 | D:11     | Reached skill level 5 in Dodging
 12445 | D:11     | Found a staircase to the Lair.
 12637 | Lair:1   | Entered Level 1 of the Lair of Beasts
 13008 | Lair:1   | Noticed Nergalle
 13019 | Lair:1   | Killed Nergalle
 13214 | Lair:1   | Noticed a five-headed hydra
 13221 | Lair:1   | Killed a five-headed hydra
 13377 | Lair:1   | Reached ****** piety under Hepliaklqana
 13578 | Lair:2   | Reached skill level 1 in Evocations
 13635 | Lair:2   | Found a hole to the Spider Nest.
 13681 | Lair:2   | Noticed a boulder beetle
 13697 | Lair:2   | Killed a boulder beetle
 14209 | Lair:2   | Reached XP level 13. HP: 117/117 MP: 12/12
 14564 | Lair:2   | Found a staircase to the Swamp.
 15399 | Lair:3   | Reached skill level 1 in Shields
 15710 | Lair:3   | Reached skill level 5 in Shields
 15970 | Lair:3   | You fall into a shaft and drop 2 floors!
 16808 | Lair:4   | Reached skill level 11 in Throwing
 17056 | Lair:4   | Reached skill level 5 in Armour
 17056 | Lair:4   | Reached XP level 14. HP: 126/126 MP: 13/13
 17613 | Lair:5   | Reached skill level 10 in Fighting
 18253 | D:7      | Bought -2 gold dragon scales for 980 gold pieces
 18843 | Lair:5   | Found a viscous altar of Jiyva.
 18843 | Lair:5   | Found a staircase to the Slime Pits.
 18882 | Lair:6   | Entered Level 6 of the Lair of Beasts
 18892 | Lair:5   | Reached XP level 15. HP: 123/134 MP: 14/14
 19441 | Lair:6   | Reached skill level 1 in Invocations
 19808 | Lair:6   | Reached skill level 5 in Invocations
 20986 | Lair:6   | Found a burning altar of Makhleb.
 21033 | Lair:6   | Found a gateway to Hell.
 22335 | D:13     | Found a glowing silver altar of Zin.
 22892 | D:13     | Noticed Maurice
 22934 | D:13     | Killed Maurice
 23329 | Orc:1    | Entered Level 1 of the Orcish Mines
 23368 | Orc:1    | Found Sowkue's Book Shop.
 23507 | Orc:1    | Found Wukhloo's General Store.
 23531 | Orc:1    | Bought a potion of haste for 100 gold pieces
 23531 | Orc:1    | Bought a potion of cancellation for 80 gold pieces
 23531 | Orc:1    | Bought a wand of mindburst (5) for 90 gold pieces
 23601 | Orc:1    | Found Ruomim's Book Shoppe.
 23631 | Orc:1    | Found Poxierill's Antique Armour Shoppe.
 23639 | Orc:1    | Bought a runed kite shield for 157 gold pieces
 23770 | Orc:1    | Found Gobre's General Store.
 24033 | Orc:2    | Entered Level 2 of the Orcish Mines
 24036 | Orc:2    | Noticed an orc warlord
 24055 | Orc:1    | Killed an orc warlord
 24284 | Orc:2    | Reached XP level 16. HP: 137/137 MP: 22/22
 24757 | Orc:2    | Found a staircase to the Elven Halls.
 25225 | Orc:2    | Found Cuty's Weapon Shop.
 25225 | Orc:2    | Found Foawaeh's Book Boutique.
 25226 | Orc:2    | Found Essomikk's Magic Scroll Boutique.
 25230 | Orc:2    | Found Seumozu's Assorted Antiques.
 25237 | Orc:2    | Bought a scroll of enchant armour for 75 gold pieces
 25239 | Orc:2    | Bought a potion of heal wounds for 170 gold pieces
 25239 | Orc:2    | Bought a scroll of teleportation for 102 gold pieces
 25239 | Orc:2    | Bought a scroll of teleportation for 102 gold pieces
 25239 | Orc:2    | Bought a potion of lignification for 102 gold pieces
 25239 | Orc:2    | Bought a scroll labelled DUUMOZ PICA for 34 gold pieces
 25270 | Orc:2    | Bought a scroll of teleportation for 30 gold pieces
 25270 | Orc:2    | Bought a scroll of teleportation for 30 gold pieces
 25407 | D:14     | Found a gate to the Vaults.
 25568 | D:14     | Paralysed by something for 6 turns
 26935 | D:15     | Entered Level 15 of the Dungeon
 28742 | D:15     | Found a staircase to the Depths.
 28930 | Swamp:1  | Entered Level 1 of the Swamp
 29133 | Swamp:1  | Reached skill level 12 in Throwing
 29133 | Swamp:1  | Reached XP level 17. HP: 153/153 MP: 23/23
 29400 | Swamp:1  | Identified the +4 hand axe "Jexeru" {elec, rPois rC+}
 29445 | Swamp:1  | Identified the +7 hand axe of Day {protect, Stlth+}
 30384 | Swamp:2  | Found a transporter.
 30406 | Swamp:2  | Found a transporter.
 30409 | Swamp:2  | Noticed contendunt's ghost (adept MiFi)
 30606 | Swamp:2  | Reached skill level 13 in Throwing
 32093 | Swamp:4  | Entered Level 4 of the Swamp
 32906 | Swamp:4  | Reached skill level 14 in Throwing
 33699 | Swamp:4  | Noticed Kirke
 33714 | Swamp:4  | Killed Kirke
 34272 | Swamp:4  | Got a decaying rune of Zot
 34469 | Vaults:1 | Entered Level 1 of the Vaults
 34494 | Vaults:1 | Reached skill level 15 in Throwing
 36044 | Vaults:1 | Reached XP level 18. HP: 71/163 MP: 21/24
 36419 | Vaults:1 | HP: 1/165 [yaktaur captain (16)]
 36423 | Vaults:1 | Shot with a bolt by a yaktaur captain

Illustrated notes

Levels and vault maps discovered:
D:1:      lightli_arrival_chessboard, layout_basic, minmay_misc_feat_rugged,
          hangedman_decor_points
D:2:      layout_loops_ring, ebering_ecumenical_altar_webs,
          kennysheep_generic_room_10, uniq_terence
D:3:      layout_rooms, glass_columns_b
D:4:      layout_loops_ring, minmay_temple_entry_mini_moons, serial_shops, shop,
          eino_tiny_chamber, kennysheep_cross_room, uniq_menkaure
D:5:      layout_basic, mainiacjoe_overflow_24_doors, nicolae_shop_self_help
D:6:      layout_loops_ring, chequers_serial_rivers_micro_c, uniq_sigmund
D:7:      nicolae_cairo_tiling, layout_loops_ring, minmay_shop_damaged,
          uniq_joseph, uniq_duvessa, uniq_crazy_yiuf_cottage
D:8:      layout_cave_pools, serial_column_ruins, column_ruins_hut,
          column_ruins_open_tiny, column_ruins_open_tiny, column_ruins_grid_1,
          column_ruins_open_tiny, column_ruins_open_small, uniq_pikel
D:9:      layout_big_octagon, nicolae_elevator_lobby_asterisk, uniq_erica
D:10:     layout_stronghold, minmay_orc_entry_temple_small, uniq_josephine,
          uniq_sonja, uniq_harold, uniq_urug
D:11:     cheibrodos_tormentor_scu, layout_stronghold,
          grunt_lair_entry_orc_guard_hut, lemuel_flamethrower_1, uniq_erolcha
D:12:     layout_irregular_city, drop_trap
D:13:     layout_basic, zin_academy, uniq_maurice
D:14:     minmay_expanding_squares, layout_rooms, david_vaults_3,
          amcnicky_mini_rare_corridor_liquid
D:15:     hangedman_depths_entry_civil_slaughter, layout_layer_cave,
          small_statue_intersection
Lair:1:   layout_chaotic_city, gauntlet_entry_generic, lemuel_fruit_fields,
          infiniplex_staircase_pool, serial_bayou_shore_a, uniq_nergalle
Lair:2:   layout_regular_city, nicolae_swamp_entry_splash_gauntlet,
          nicolae_spider_entry_non_spiders
Lair:3:   layout_chaotic_city, grunt_megastairs_5, serial_bayou_shore_b
Lair:4:   layout_gridlike, enter_volcano_4
Lair:5:   layout_big_grid, dpeg_slime_entry_enclosed_altar, minivault_23,
          serial_bayou_pond_a, grunt_megastairs_1
Lair:6:   evil_forest, layout_gridlike, nicolae_lair_lil_pond
Swamp:1:  layout_basic_swamp, serial_swamp_ruin, evilmike_swamp_ruin_house_5,
          evilmike_swamp_ruin_house_3, nicolae_swamp_orc_logging_accident
Swamp:2:  layout_basic_swamp, gammafunk_ghost_berserking_beasts,
          evilmike_swamp_ruin_rubble_1
Swamp:3:  layout_basic_swamp, evilmike_swamp_ruin_rubble_2
Swamp:4:  swamp_icy, layout_basic_swamp, uniq_kirke
Orc:1:    layout_caves, serial_shops, nicolae_square_shop,
          nicolae_shop_advertising_works [nicolae_subvault_shop_adworks], shop,
          nicolae_diamond_shop, shop
Orc:2:    st_orc_mages, layout_caves
Vaults:1: v_misc_27, vaults_mumra_minichess_inversion,
          nicolae_vaults_network_quinsquares
          [nicolae_vaults_network_quincunx_subvault,
          nicolae_vaults_network_quincunx_subvault,
          nicolae_vaults_network_quincunx_subvault,
          nicolae_vaults_network_quincunx_subvault],
          hangedman_vaults_variations, v_misc_30, v_alt_pattern_6,
          vaults_room_door_ring, v_misc_19, ontoclasm_vaults_fault,
          nicolae_vaults_little_squares_4, nicolae_vaults_specimen_jars,
          ontoclasm_vaults_gateway, layout_vaults_omnibox

Skill      XL: |  1  2  3  4  5  6  7  8  9 10 11 12 13 14 15 16 17 |
---------------+----------------------------------------------------+-----
Unarmed Combat | 4 5 6 8 10 11 12 13 | 13.4
Fighting       | 3 7 9 10 11 12 | 12.6
Throwing       | 5 10 11 12 15 | 15.4
Dodging        | 8 |  8.4
Evocations     | 3 4 |  4.4
Shields        | 6 7 9 |  9.2
Armour         | 5 7 9 |  9.1
Invocations    | 9 |  9.5
Stealth        | |  1.0

Action                   |  1- 3 |  4- 6 |  7- 9 | 10-12 | 13-15 | 16-18 || total
-------------------------+-------+-------+-------+-------+-------+-------++-------
Melee: Unarmed           |    63 |    43 |   158 |   251 |   424 |   535 ||  1474
       Punch             |     4 |     1 |     5 |    18 |     2 |       ||    30
Throw: Boomerang         |     6 |    34 |     6 |   135 |   328 |   167 ||   676
       Javelin           |       |       |       |    88 |       |       ||    88
       Dart              |       |       |       |    14 |       |       ||    14
       Throwing net      |       |       |       |     5 |     4 |     5 ||    14
       Large rock        |       |       |       |       |    19 |   236 ||   255
Invok: Ancestor Life: Kn |     1 |       |       |       |       |       ||     1
       Recall Ancestor   |       |       |     2 |     2 |     6 |     5 ||    15
       Idealise          |       |       |       |       |     4 |    10 ||    14
Evoke: Wand              |       |       |     8 |    27 |     9 |     3 ||    47
       Condenser vane    |       |       |       |       |     2 |     3 ||     5
       Phial of floods   |       |       |       |       |       |     1 ||     1
  Use: Scroll            |       |       |    15 |     9 |    13 |    16 ||    53
       Potion            |       |       |     3 |     6 |     3 |    12 ||    24
 Stab: Sleeping          |     1 |       |     1 |     1 |       |       ||     3
       Distracted        |       |       |       |     1 |     3 |    11 ||    15
       Held in net/web   |       |       |       |       |       |     1 ||     1
Armor: Robe              |    11 |    12 |    40 |    27 |       |       ||    90
       Troll leather arm |       |       |       |    53 |    35 |       ||    88
       Gold dragon scale |       |       |       |       |   131 |   386 ||   517
Dodge: Dodged            |    35 |    16 |    76 |   133 |   133 |   154 ||   547
Block: Kite shield       |       |       |       |       |   202 |   384 ||   586

Table legend: (Time is in decaauts)
 A = Elapsed time spent in this place.
 B = Non-inter-level travel time spent in this place.
 C = Inter-level travel time spent in this place.
 D = Time resting spent in this place.
 E = Time spent auto-exploring this place.
 F = Levels seen in this place.
 G = Mean time per level.
                   A        B        C        D        E       F      G
               +--------+--------+--------+--------+--------+-----+--------+
         Total |  36572 |  34816 |   1756 |  14435 |  13472 |  28 | 1306.1 |
       Dungeon |  19620 |  18690 |    930 |   7974 |   7466 |  15 | 1308.0 |
          Lair |   8578 |   8016 |    562 |   2718 |   3548 |   6 | 1429.7 |
         Swamp |   5710 |   5553 |    157 |   2821 |   1665 |   4 | 1427.5 |
  Orcish Mines |   1936 |   1831 |    105 |    618 |    716 |   2 |  968.0 |
        Vaults |    726 |    726 |      0 |    302 |     76 |   1 |  726.0 |
               +--------+--------+--------+--------+--------+-----+--------+

Top non-repeatable levels by time:
    D:14: 2365 daAuts
  Lair:6: 2276 daAuts
    D:11: 2156 daAuts
    D:15: 1879 daAuts
 Swamp:4: 1874 daAuts
     D:5: 1753 daAuts
  Lair:2: 1586 daAuts
 Swamp:3: 1504 daAuts
    D:10: 1485 daAuts
     D:7: 1476 daAuts
    D:13: 1440 daAuts
  Lair:1: 1380 daAuts
     D:4: 1323 daAuts
 Swamp:2: 1303 daAuts
  Lair:3: 1251 daAuts
